 Dungeon Crawl Stone Soup version 0.29.1-1-gd02db6906a (webtiles) character file.

Game seed: 12037526454951828325

189 tizbic2 the Trooper (level 5, -10/94 HPs)
             Began as an Ogre Wanderer on Oct 1, 2022.
             Was a High Priest of Ignis.
             Mangled by Edmund
             ... wielding a +2 flail of venom
              (11 damage)
             ... on level 4 of the Dungeon.
             The game lasted 00:15:52 (2769 turns).

tizbic2 the Trooper (Ogre Wanderer)                 Turns: 2769, Time: 00:15:53

Health: -10/94     AC: 22    Str: 19    XL:     5   Next: 68%
Magic:  5/5        EV:  1    Int: 12    God:    Ignis [*****.]
Gold:   101        SH:  0    Dex: 14    Spells: 4/4 levels left

rFire   + . .      SeeInvis .   y - +0 whip (vamp)
rCold   . . .      Faith    .   (no shield)
rNeg    + . .      Spirit   .   (body armour currently unavailable)
rPois   +          Reflect  .   (helmet currently unavailable)
rElec   .          Harm     .   (cloak currently unavailable)
rCorr   .          Rampage  .   (gloves unavailable)
Will    .....      NoTele   +   (boots unavailable)
Stlth   ++........              (no amulet)
HPRegen 0.25/turn               p - ring of positive energy
MPRegen 0.09/turn               r - +6 ring of dexterity

@: lethally poisoned (-10 -> -23), tree-form
A: stationary, stasis, torment immunity, boosted hp, large, unfitting armour,
(tough skin 1)
a: Renounce Religion, Fiery Armour, Foxfire Swarm, Rising Flame


You were on level 4 of the Dungeon.
You worshipped Ignis.
Ignis was extremely pleased with you.
You were a tree.
You visited 1 branch of the dungeon, and saw 4 of its levels.

You collected 101 gold pieces.

Inventory:

Hand Weapons
 a - a +3 dagger of protection
 e - a +0 vorpal sling
 x - a +2 flail of holy wrath
 y - a +0 vampiric whip (weapon)
 B - a +0 hand axe of venom
Missiles
 b - a curare-tipped dart
 i - 22 stones (quivered)
 s - 2 javelins
Armour
 g - a +0 hat (melded)
 q - a +0 cloak (melded)
 E - a +2 robe of willpower (melded)
Magical Staves
 w - a staff of fire
Jewellery
 p - a ring of positive energy (left branch)
 r - a +6 ring of dexterity (right branch)
Wands
 D - a wand of digging (5)
Scrolls
 f - 2 scrolls of summoning
 h - a scroll of enchant armour {unknown}
 j - a scroll of poison
 k - a scroll of silence {unknown}
 m - a scroll of brand weapon
 n - a scroll of fear {unknown}
 t - a scroll of magic mapping
 u - 2 scrolls of identify {unknown}
 v - a scroll of teleportation {unknown}
 z - a scroll of butterflies {unknown}
Potions
 c - 2 potions of magic {unknown}
 d - a potion of haste {unknown}
 l - a potion of flight {unknown}
 o - 3 potions of curing {unknown}
 A - a potion of might


   Skills:
 + Level 7.6 Fighting
 + Level 1.0(1.5) Maces & Flails
 * Level 2.0(2.1) Staves
 - Level 3.8 Throwing
 - Level 1.8 Dodging
 - Level 1.0 Stealth
 * Level 0.9 Fire Magic
 + Level 0.4 Evocations


You had 4 spell levels left.
You didn't know any spells.
Your spell library was empty.

Dungeon Overview and Level Annotations

Branches:
Dungeon (4/15)
 Temple: D:4-7

Altars:
Ignis

Shops:
D:1 :

Annotations:
D:4 Edmund


Innate Abilities, Weirdness & Mutations

You are a tree.
Your roots penetrate the ground, keeping you stationary.
You cannot be teleported.
You are immune to unholy pain and torment.
Your maximum health is greatly increased.
Your equipment is partially melded.
You are too large for most types of armour.
((You have tough skin. (AC +1)))


Message History

Edmund the Younger comes into view.
He is wielding a +2 flail of venom, wearing a +3 ring mail of fire resistance and carrying a wand of roots (4).
Edmund shouts!
Edmund zaps a wand.
The roots erupt in riotous growth!
The grasping roots grab you! The grasping roots constrict you.
You shoot a sling bullet.
The sling bullet hits Edmund but does no damage.
The grasping roots constrict you. x2
You shoot a sling bullet.
The sling bullet hits Edmund but does no damage.
The grasping roots constrict you.
You shoot a sling bullet.
The sling bullet hits Edmund but does no damage.
The grasping roots constrict you. x2
The grasping roots release their grip on you.
You feel a sense of dread.
y - a +0 vampiric whip (weapon)
You hit Edmund.
You feel better.
Edmund is lightly wounded.
Edmund drinks a potion.
Edmund goes berserk!
You hit Edmund.
You feel better.
Edmund is lightly wounded.
Edmund hits you with a +2 flail of venom.
Edmund barely misses you.
You barely miss Edmund.
Edmund is lightly wounded.
Edmund hits you with a +2 flail of venom!
* * * LOW HITPOINT WARNING * * *
You are lethally poisoned!
Really quaff the potion of lignification?
You turn into a tree.
Your +0 cloak melds into your body.
Your +0 hat melds into your body.
Your +2 robe of willpower melds into your body.
You feel less strong-willed.
Your roots penetrate the ground.
* * * LOW HITPOINT WARNING * * *
You feel very sick.
Edmund hits you with a +2 flail of venom!
* * * LOW HITPOINT WARNING * * *
Edmund hits you with a +2 flail of venom!
You die...

.. ..
###############.
#...............
#.#######......#
..#######.#
#......#
......@♣..#
#.######
..........#
#.......
..........#
########
..........# #
..........#
..........#
...........
.........###


You could see Edmund (berserk).

Vanquished Creatures
  Blork the orc (D:4)
  Robin (D:2)
  2 worms
  2 dart slugs
  6 orcs (D:3)
  7 endoplasms
  A giant cockroach (D:2)
  15 goblins
  9 hobgoblins
  8 jackals
  4 quokkas
  5 ball pythons
  4 bats
  10 frilled lizards
  4 kobolds
  8 rats
87 creatures vanquished.

Vanquished Creatures (others)
  2 demonic plants (D:3)
  2 fungi (D:3)
  3 plants (D:3)
7 creatures vanquished.

Grand Total: 94 creatures vanquished

Notes
Turn   | Place    | Note
-------+----------+-------------------------------------------
     0 | D:1      | tizbic2 the Ogre Wanderer began the quest for the Orb.
     0 | D:1      | tizbic2 set off with the following items: a +3 dagger, a
                  | curare-tipped dart, a +0 robe, a potion of lignification.
     0 | D:1      | Reached XP level 1. HP: 29/29 MP: 1/1
   188 | D:1      | Reached XP level 2. HP: 35/37 MP: 2/2
   561 | D:1      | Reached skill level 7 in Fighting
   570 | D:1      | Reached XP level 3. HP: 40/46 MP: 3/3
   720 | D:1      | Found Lilehou's Book Emporium.
   942 | D:2      | Identified the +1 helmet of the Sunfish {-Tele rElec Str+6}
   942 | D:2      | Noticed Robin
   992 | D:2      | Reached XP level 4. HP: 23/55 MP: 4/4
  1006 | D:2      | Killed Robin
  2198 | D:3      | Reached skill level 1 in Staves
  2213 | D:3      | Found a faded altar of an unknown god.
  2300 | D:3      | Prayed at the altar of an unknown god.
  2300 | D:3      | Became a worshipper of Ignis, the Dying Flame
  2496 | D:3      | Reached XP level 5. HP: 56/62 MP: 5/5
  2671 | D:4      | Noticed Blork the orc
  2683 | D:4      | Killed Blork the orc
  2684 | D:4      | Reached skill level 1 in Maces & Flails
  2760 | D:4      | Noticed Edmund
  2769 | D:4      | HP: 1/94 [Edmund/+2 flail of venom (10)]
  2769 | D:4      | Mangled by Edmund

Illustrated notes

Levels and vault maps discovered:
D:1:      reono_arrival_forest_river, layout_loops_ring, serial_shops,
          shop_statue, minmay_tetromino_o2
D:2:      layout_basic, uniq_robin
D:3:      layout_basic, shapermc_ecumenical_altar_gd
D:4:      layout_basic, uniq_eustachio, uniq_edmund, uniq_blork_the_orc

Skill      XL: |  1  2  3  4  5 |
---------------+----------------+-----
Fighting       | 7 |  7.6
Staves         | 1 2 |  2.0
Maces & Flails | 1 |  1.0
Throwing       | |  3.8
Dodging        | |  1.8
Stealth        | |  1.0
Fire Magic     | |  0.9
Evocations     | |  0.4

Action                   |  1- 3 |  4- 6 || total
-------------------------+-------+-------++-------
Melee: Dagger            |   148 |    81 ||   229
       Punch             |     1 |       ||     1
       Staff             |       |    15 ||    15
       Whip              |       |    15 ||    15
       Flail             |       |    15 ||    15
 Fire: Sling             |       |    30 ||    30
Throw: Stone             |     7 |       ||     7
       Dart              |     1 |       ||     1
  Use: Scroll            |     1 |     4 ||     5
       Potion            |     2 |     1 ||     3
 Stab: Sleeping          |       |     1 ||     1
Armor: Robe              |    38 |    25 ||    63
       Skin              |    40 |     6 ||    46
       Animal skin       |       |    12 ||    12
Dodge: Dodged            |    55 |    57 ||   112
